 Dungeon Crawl Stone Soup version 0.29.1-15-g9cfb28693d (webtiles) character file.

Game seed: 7829298739140335284

36 Heoruswealwe the Digger (level 3, -1/19 HPs)
             Began as a Deep Elf Earth Elementalist on Apr 14, 2023.
             Was a Follower of Qazlal.
             Slain by a gnoll
             ... wielding a +0 spear
              (3 damage)
             ... on level 2 of the Dungeon.
             The game lasted 00:02:37 (343 turns).

Heoruswealwe the Digger (DEEE)                       Turns: 343, Time: 00:02:38

Health: -1/19      AC:  2    Str:  5    XL:     3   Next: 19%
Magic:  0/10       EV: 13    Int: 21    God:    Qazlal [*.....]
Gold:   0          SH:  1    Dex: 15    Spells: 8/9 levels left

rFire   . . .      SeeInvis .   h - +0 falchion
rCold   . . .      Faith    .   (no shield)
rNeg    . . .      Spirit   .   a - +0 robe
rPois   .          Reflect  .   (no helmet)
rElec   .          Harm     .   (no cloak)
rCorr   .          Rampage  .   (no gloves)
Will    .....                   (no boots)
Stlth   ++........              (no amulet)
HPRegen 0.06/turn               (no ring)
MPRegen 0.12/turn               (no ring)

@: no status effects
A: no striking features
a: Renounce Religion


You were on level 2 of the Dungeon.
You worshipped Qazlal.
Qazlal was aware of your devotion.
You visited 1 branch of the dungeon, and saw 2 of its levels.

Inventory:

Hand Weapons
 h - a +0 falchion (weapon)
Armour
 a - a +0 robe (worn)
Scrolls
 d - a scroll of brand weapon
 e - a scroll of vulnerability {unknown}
 f - a scroll of identify
Potions
 b - a potion of magic
 c - a potion of lignification {unknown}
 g - a potion of ambrosia {unknown}


   Skills:
 + Level 3.0 Dodging
 + Level 3.0 Stealth
 + Level 3.5 Spellcasting
 + Level 1.7 Transmutations
 + Level 3.6 Earth Magic


You had 8 spell levels left.
You knew the following spells:

 Your Spells              Type           Power      Damage    Failure   Level
a - Sandblast             Erth           36%        2d10      2%          1

Your spell library contained the following spells:

 Spells                   Type           Power      Damage    Failure   Level
 Passwall                 Tmut/Erth      12%        N/A       6%          2
 Stone Arrow              Conj/Erth      22%        3d8       19%         3
 Petrify                  Tmut/Erth      15%        N/A       38%         4


Dungeon Overview and Level Annotations

Branches:
Dungeon (2/15)

Altars:
Qazlal


Message History

Aiming: Sandblast (safe; 3% risk of failure)
Press: ? - help, Shift-Dir - straight line, f/p - gnoll
Aim: a gnoll, wielding a +0 spear (heavily wounded, 84% to hit)
The blast of sand misses the gnoll.
The blast of sand hits the gnoll!
You kill the gnoll!
Qazlal accepts your kill. The gnoll hits you with a +0 club.
* * * LOW HITPOINT WARNING * * *
Casting: Sandblast (safe; 3% risk of failure)
Confirm with . or Enter, or press ? or * to list all spells.
Aiming: Sandblast (safe; 3% risk of failure)
Press: ? - help, Shift-Dir - straight line, f - gnoll
Aim: a gnoll, wielding a +0 flail (84% to hit)
The blast of sand hits the gnoll!
The gnoll is severely wounded.
Casting: Sandblast (safe; 3% risk of failure)
Confirm with . or Enter, or press ? or * to list all spells.
Aiming: Sandblast (safe; 3% risk of failure)
Press: ? - help, Shift-Dir - straight line, f/p - gnoll
Aim: a gnoll, wielding a +0 flail (severely wounded, 84% to hit)
The blast of sand hits the gnoll.
You kill the gnoll!
Qazlal accepts your kill. The gnoll closely misses you.
Your Dodging skill increases to level 3!
Your Stealth skill increases to level 3!
You have reached level 3!
Your experience leads to an increase in your attributes!
Increase (S)trength, (I)ntelligence, or (D)exterity?
You feel clever. x2
Casting: Sandblast (safe; 2% risk of failure)
Confirm with . or Enter, or press ? or * to list all spells.
Aiming: Sandblast (safe; 2% risk of failure)
Press: ? - help, Shift-Dir - straight line, f - gnoll
Aim: a gnoll, wielding a +0 club (heavily wounded, 84% to hit)
The blast of sand hits the gnoll!
You kill the gnoll!
Qazlal accepts your kill.
The gnoll hits you from afar with a +0 spear.
You die...

..# .###.........# .#
... +.........+ ##
#.. ......... .## #.#
....... ..###.. .....
##.#.# ... ##.# #g#
#.# #)# #.# #@# #.#
##.## #.# ##...## #.#
#.....# #.# ##...##
#.##### ##.##
#.....########.####.#
#####...............#
##########.######


You could see a gnoll.

Vanquished Creatures
  3 gnolls (D:2)
  3 worms (D:2)
  A ball python (D:2)
  A bat (D:1)
  A frilled lizard (D:2)
  A kobold (D:2)
  3 rats
13 creatures vanquished.

Notes
Turn   | Place    | Note
-------+----------+-------------------------------------------
     0 | D:1      | Heoruswealwe the Deep Elf Earth Elementalist began the
                  | quest for the Orb.
     0 | D:1      | Reached XP level 1. HP: 10/10 MP: 6/6
   110 | D:2      | Reached XP level 2. HP: 15/15 MP: 0/8
   264 | D:2      | Found a faded altar of an unknown god.
   267 | D:2      | Prayed at the altar of an unknown god.
   267 | D:2      | Became a worshipper of Qazlal Stormbringer
   267 | D:2      | Reached * piety under Qazlal
   343 | D:2      | Reached XP level 3. HP: 2/19 MP: 1/10
   343 | D:2      | Slain by a gnoll

Illustrated notes

Levels and vault maps discovered:
D:1:      scummos_arrival_checkerplants, layout_basic,
          dreamdust_princess_corridor, minmay_misc_feat_nine_boxes
D:2:      layout_loops_corners, shapermc_ecumenical_altar_hornbeckon,
          minmay_hexomino_f4

Skill      XL: |  1  2 |
---------------+-------+-----
Dodging        | 3 |  3.0
Stealth        | 3 |  3.0
Spellcasting   | |  3.5
Transmutations | |  1.7
Earth Magic    | |  3.6

Action                   || total
-------------------------++-------
Melee: Unarmed           ||     1
 Cast: Sandblast         ||    24
  Use: Scroll            ||     2
Armor: Robe              ||     2
Dodge: Dodged            ||     8
